 Dungeon Crawl Stone Soup version 0.27-a0-1438-g9b7c6745da (webtiles) character file.

Game seed: 17842186013899754086

48064 2tc the Brawler (level 14, 0/114 HPs)
             Began as a Merfolk Transmuter on July 4, 2021.
             Was a High Priest of Nemelex Xobeh.
             Slain by an alligator (7 damage)
             ... on level 2 of the Lair of Beasts.
             The game lasted 01:07:34 (17158 turns).

2tc the Brawler (Merfolk Transmuter)               Turns: 17158, Time: 01:07:34

Health: 0/114      AC:  5    Str: 15    XL:     14   Next: 44%
Magic:  19/21      EV: 11    Int: 13    God:    Nemelex Xobeh [*****.]
Gold:   764        SH:  0    Dex: 14    Spells: 6/23 levels left

rFire    x . .     SeeInvis .     - Unarmed
rCold    + + +     Faith    .   (shield currently unavailable)
rNeg     . . .     Spirit   .   (armour currently unavailable)
rPois    +         Reflect  .   (helmet currently unavailable)
rElec    .         Harm     .   (cloak currently unavailable)
rCorr    +         Rampage  .   (gloves currently unavailable)
Will     +....                  (boots currently unavailable)
Stlth    +.........             f - amulet of regeneration
HPRegen  1.29/turn              H - ring of wizardry
MPRegen  0.17/turn              B - ring of resist corrosion

@: ice-form, corroded, hasted, very quick
A: freezing attack, boosted hp, large, (nimble swimmer 2), (mertail)
a: End Transformation, Renounce Religion, Draw Escape, Draw Destruction, Draw
Summoning, Triple Draw, Deal Four, Stack Five


You were on level 2 of the Lair of Beasts.
You worshipped Nemelex Xobeh.
Nemelex Xobeh was extremely pleased with you.
You were a creature of crystalline ice.
You visited 5 branches of the dungeon, and saw 20 of its levels.

You collected 764 gold pieces.

Inventory:

Missiles
 e - 2 throwing nets
 p - 329 stones
 A - a curare-tipped dart
Armour
 g - a +2 helmet of see invisible (melded)
 i - a +0 pair of boots (melded)
 w - a +0 kite shield
 x - +4 steam dragon scales (melded)
 C - a +2 cloak (melded)
Jewellery
 b - an amulet of guardian spirit
 f - an amulet of regeneration (around neck)
 h - a +4 ring of protection
 j - a +4 ring of protection
 z - a +4 ring of protection
 B - a ring of resist corrosion (right front paw)
 E - a +6 ring of strength
 G - a ring of ice
 H - a ring of wizardry (left front paw)
Wands
 a - a wand of iceblast (6)
 o - a wand of flame (19)
 r - a wand of acid (6)
 u - a wand of paralysis (8)
 y - a wand of digging (18)
 F - a wand of polymorph (9)
Scrolls
 l - 3 scrolls of magic mapping
 s - 3 scrolls of teleportation
 I - a scroll of holy word
Potions
 c - 2 potions of curing
 d - 2 potions of flight
 k - 2 potions of lignification
 m - a potion of degeneration
 n - a potion of haste
 q - a potion of attraction
 t - a potion of might
 v - 5 potions of mutation


   Skills:
 - Level 4.0 Fighting
 - Level 4.0 Dodging
 - Level 0.3 Shields
 - Level 18.0 Unarmed Combat
 - Level 5.0 Spellcasting
 - Level 4.0 Conjurations
 + Level 14.1 Transmutations
 - Level 10.0 Ice Magic
 - Level 4.0 Air Magic
 - Level 5.0 Invocations


You had 6 spell levels left.
You knew the following spells:

 Your Spells              Type           Power      Damage    Failure   Level
a - Beastly Appendage     Tmut           78%        N/A       1%          1
b - Wereblood             Tmut           39%        N/A       1%          2
c - Ice Form              Ice/Tmut       34%        N/A       1%          4
d - Freezing Cloud        Conj/Ice/Air   9%         6-21      17%         5
e - Blade Hands           Tmut           19%        N/A       1%          5

Your spell library contained the following spells:

 Spells                   Type           Power      Damage    Failure   Level
 Magic Dart               Conj           52%        1d5       1%          1
 Sting                    Tmut/Pois      84%        1d7       1%          1
 Ensorcelled Hibernation  Hex/Ice        32%        N/A       1%          2
 Spider Form              Tmut/Pois      10%        N/A       1%          3
 Searing Ray              Conj           26%        3d4       2%          2
 Ignite Poison            Fire/Tmut/Pois 15%        N/A       3%          3
 Poisonous Vapours        Pois/Air       16%        N/A       4%          2
 Animate Skeleton         Necr           6%         N/A       8%          1
 Apportation              Tloc           6%         N/A       8%          1
 Corona                   Hex            3%         N/A       8%          1
 Pain                     Necr           12%        1d4       8%          1
 Summon Small Mammal      Summ           12%        N/A       8%          1
 Mephitic Cloud           Conj/Pois/Air  10%        N/A       8%          3
 Dazzling Flash           Conj/Hex       16%        N/A       10%         3
 Call Canine Familiar     Summ           3%         N/A       22%         3
 Summon Guardian Golem    Hex/Summ       3%         N/A       22%         3
 Tukima's Dance           Hex            3%         N/A       22%         3
 Vampiric Draining        Necr           1%         2d6       22%         3
 Fulminant Prism          Conj/Hex       4%         3d6       32%         4
 Animate Armour           Summ/Erth      6%         N/A       56%         4
 Cause Fear               Hex            1%         N/A       56%         4
 Olgreb's Toxic Radiance  Pois           3%         N/A       56%         4
 Silence                  Hex/Air        4%         N/A       63%         5
 Bolt of Magma            Conj/Fire/Erth 3%         4d5       71%         5
 Agony                    Necr           3%         N/A       87%         5
 Excruciating Wounds      Necr           1%         N/A       87%         5
 Iron Shot                Conj/Erth      4%         9d2       99%         6
 Shadow Creatures         Summ           N/A        N/A       100%        6
 Dragon Form              Tmut           19%        N/A       19%         7
 Dragon's Call            Summ           1%         N/A       100%        9


Dungeon Overview and Level Annotations

Branches:
Dungeon (11/15)            Temple (1/1) D:7            Lair (6/6) D:10
  Swamp (1/4) Lair:2       Spider (1/4) Lair:3        Slime (0/5) Lair:5
    Orc: D:9-12

Altars:
Ashenzari
Cheibriados
Elyvilon
Gozag
Makhleb
Nemelex Xobeh
Okawaru
Qazlal
Ru
Sif Muna
Trog
Xom
Yredelemnul
Zin
The Shining One

Shops:
D:4 =

Annotations:
Lair:1 2 transporters, BlueGoblin's ghost, journeyman MiBe
Lair:3 1 runed translucent door, AarnesTheHuman's ghost, journeyman DsIE


Innate Abilities, Weirdness & Mutations

You are a creature of crystalline ice.
You have a powerful freezing melee attack.
Your maximum health is increased.
Your armour is entirely melded.
You are incapable of wielding weapons or throwing items.
((You are quick and stealthy near water. (Stealth+, EV+, Speed+++)))
((Your lower body shifts to a powerful aquatic tail in water.))


Message History

The goliath frog completely misses you. The swamp drake breathes poison at you.
The goliath frog is engulfed in noxious fumes.
The goliath frog appears confused.
The goliath frog is engulfed in noxious fumes.
The alligator is engulfed in noxious fumes.
The alligator appears confused.
The alligator puts on a burst of speed!
The goliath frog is engulfed in noxious fumes.
The alligator is engulfed in noxious fumes.
The goliath frog is engulfed in noxious fumes.
The goliath frog appears confused.
The alligator seems less confused.
There is a staircase back to the Lair here.
Aiming: Iceblast
Press: ? - help, Shift-Dir - straight line, f - alligator
Aim: an alligator (covering ground quickly)
The mass of ice explodes!
The iceblast engulfs the alligator!
The alligator is lightly wounded.
The iceblast engulfs the alligator.
The alligator is lightly wounded.
You hear a roar! x2
Aiming: Iceblast
Press: ? - help, Shift-Dir - straight line, f/p - alligator
Aim: an alligator (lightly wounded, covering ground quickly)
The mass of ice explodes!
The iceblast engulfs the alligator.
The alligator is lightly wounded.
The iceblast engulfs the alligator.
The alligator is lightly wounded.
You hear a deafening roar!
The alligator completely misses you. The alligator tail-slaps you.
* * * LOW HITPOINT WARNING * * *
You climb upwards.
Welcome back to the Lair of Beasts!
There is a staircase to the Swamp here.
You see here a swamp worm corpse.
The alligator bites you!!
* * * LOW HITPOINT WARNING * * *
The alligator tail-slaps you!
You die...
Your body glows with a rainbow of weird colours and disappears.

..............................##
.....................(........#
..............♣♣♣♣...........##
.............♣♣♣♣♣≈♣..........#
.....##..#.♣♣♣♣≈≈≈≈♣♣#♣......##
#....#.....♣♣≈§≈§≈≈≈♣♣#..#....#
#....#......≈≈§§§≈≈≈♣....##...#
........"..♣♣≈§§t≈≈.≈.....#...#
#....#.....♣♣≈≈≈Y≈≈≈≈....##...#
.....+.....♣♣♣≈≈≈.≈♣≈♣....#...#
#....#......♣≈♣≈≈≈♣♣♣.....#..##
.............♣≈♣≈♣♣♣♣........P#
..........#.........####..#..##
....................#..#.#...#
.......<.....................#
.............................###
.............................#.#


You could see an alligator (swift).

Vanquished Creatures
  Nessos (Lair:4)
  7 hydras
  A ghost crab (Swamp:1)
  A boulder beetle (Lair:5)
  A two-headed ogre (D:9)
  3 death yaks (Lair:4)
  A death drake (Lair:4)
  A swamp dragon (Lair:2)
  An oklob plant (D:10)
  7 elephants (Lair:4)
  Maurice (D:10)
  2 black mambas
  2 torpor snails
  Joseph (D:7)
  7 komodo dragons
  6 cane toads
  6 rime drakes
  2 hornets
  4 polar bears
  Grinder (D:6)
  Prince Ribbit (Lair:2)
  10 dream sheep
  A snapping turtle (Lair:4)
  14 blink frogs
  2 redbacks (Lair:3)
  A spriggan (Swamp:1)
  A vampire (D:10)
  67 yaks
  9 wyverns
  A shadow (D:10)
  Eustachio (D:5)
  2 steam dragons
  2 basilisks
  Grum (D:8)
  3 vampire mosquitoes (Lair:2)
  3 swamp worms
  2 black bears
  14 water moccasins
  5 orc warriors
  2 sky beasts
  An ice beast (D:6)
  2 swamp drakes (Swamp:1)
  A necrophage (D:6)
  An ogre (D:7)
  A centaur (D:10)
  26 wolves
  Blork the orc (D:5)
  4 kobold brigands
  12 bullfrogs
  A gnoll sergeant (D:8)
  A wyvern zombie (D:3)
  6 howler monkeys
  7 centaur zombies
  5 hounds
  Crazy Yiuf (D:7)
  A bullfrog skeleton (D:5)
  2 jellies
  7 orc priests
  A gnoll shaman (D:9)
  5 iguanas
  6 hell rats (Lair:3)
  9 orc wizards
  A hound zombie (D:5)
  A hound skeleton (D:4)
  A mummy (D:9)
  14 gnolls
  A howler monkey zombie (D:9)
  2 howler monkey skeletons
  8 adders
  A white imp (D:8)
  An ufetubus (D:5)
  A worm (D:3)
  2 adder skeletons (D:4)
  3 dart slugs
  31 orcs
  5 bats
  6 endoplasms
  2 giant cockroaches
  8 goblins
  3 hobgoblins
  5 jackals
  5 quokkas
  7 ball pythons
  4 frilled lizards
  11 kobolds
  3 rats
425 creatures vanquished.

Vanquished Creatures (others)
  37 fungi
  36 plants
73 creatures vanquished.

Grand Total: 498 creatures vanquished

Notes
Turn   | Place    | Note
-------+----------+-------------------------------------------
     0 | D:1      | 2tc the Merfolk Transmuter began the quest for the Orb.
     0 | D:1      | Reached XP level 1. HP: 15/15 MP: 3/3
   258 | D:1      | Reached XP level 2. HP: 15/21 MP: 3/5
   261 | D:1      | Learned a level 2 spell: Wereblood
   579 | D:1      | Reached skill level 4 in Unarmed Combat
  1462 | D:1      | Reached XP level 3. HP: 22/26 MP: 4/6
  1974 | D:2      | Reached skill level 5 in Unarmed Combat
  2364 | D:2      | Reached XP level 4. HP: 32/32 MP: 5/7
  2405 | D:2      | Learned a level 4 spell: Ice Form
  2597 | D:3      | Reached skill level 6 in Unarmed Combat
  2597 | D:3      | Reached XP level 5. HP: 13/37 MP: 6/8
  2639 | D:3      | Identified a scroll of acquirement
  2639 | D:3      | Acquired a +2 helmet of see invisible
  2652 | D:3      | Found a broken altar of Ashenzari.
  2726 | D:3      | Found a sparkling altar of Nemelex Xobeh.
  2737 | D:3      | Became a worshipper of Nemelex Xobeh the Trickster
  2753 | D:3      | Reached skill level 1 in Ice Magic
  3002 | D:3      | Found a glowing silver altar of Zin.
  3081 | D:3      | Found a faded altar of an unknown god.
  3279 | D:3      | Found a shimmering blue altar of Sif Muna.
  3542 | D:4      | Reached XP level 6. HP: 43/43 MP: 9/9
  3564 | D:4      | Reached * piety under Nemelex Xobeh
  3570 | D:4      | Found Bothi's Jewellery Emporium.
  3821 | D:4      | Received a gift from Nemelex Xobeh
  3926 | D:4      | Found a stormy altar of Qazlal.
  4408 | D:5      | Entered Level 5 of the Dungeon
  4422 | D:5      | Reached skill level 5 in Transmutations
  4458 | D:5      | Reached XP level 7. HP: 48/48 MP: 10/10
  4486 | D:5      | Found a sacrificial altar of Ru.
  4561 | D:5      | Reached skill level 7 in Unarmed Combat
  4609 | D:5      | Noticed Eustachio
  4647 | D:5      | Killed Eustachio
  4674 | D:5      | Noticed Blork the orc
  4684 | D:5      | Killed Blork the orc
  4685 | D:5      | Reached skill level 5 in Ice Magic
  4784 | D:5      | Reached ** piety under Nemelex Xobeh
  4993 | D:5      | Reached XP level 8. HP: 54/54 MP: 9/11
  5130 | D:5      | Found a white marble altar of Elyvilon.
  5614 | D:6      | Reached skill level 10 in Transmutations
  5847 | D:6      | Found an iron altar of Okawaru.
  5917 | D:6      | Reached skill level 8 in Unarmed Combat
  5917 | D:6      | Reached XP level 9. HP: 59/59 MP: 10/12
  5995 | D:6      | Found a shimmering altar of Xom.
  6078 | D:6      | Noticed Grinder
  6083 | D:6      | Paralysed by Grinder for 6 turns
  6095 | D:6      | Paralysed by Grinder for 5 turns
  6102 | D:6      | Killed Grinder
  6103 | D:6      | Reached skill level 9 in Unarmed Combat
  6709 | D:7      | Received a gift from Nemelex Xobeh
  6802 | D:7      | Found a staircase to the Ecumenical Temple.
  6834 | D:7      | Reached skill level 10 in Unarmed Combat
  6844 | D:7      | Reached skill level 11 in Unarmed Combat
  6850 | D:7      | Noticed Joseph
  6865 | D:7      | Killed Joseph
  6866 | D:7      | Reached XP level 10. HP: 18/65 MP: 10/13
  6937 | D:7      | Reached skill level 12 in Unarmed Combat
  7176 | D:7      | Reached *** piety under Nemelex Xobeh
  7196 | Temple   | Entered the Ecumenical Temple
  7426 | D:7      | Found a runed translucent door.
  7427 | D:7      | Noticed Crazy Yiuf
  7434 | D:7      | Killed Crazy Yiuf
  7666 | D:8      | Received a gift from Nemelex Xobeh
  7793 | D:8      | Reached skill level 1 in Invocations
  8135 | D:8      | Noticed Grum
  8147 | D:8      | Killed Grum
  8151 | D:8      | Reached skill level 5 in Invocations
  8970 | D:9      | Reached skill level 13 in Unarmed Combat
  9133 | D:9      | Reached XP level 11. HP: 70/70 MP: 9/14
  9166 | D:9      | Noticed a two-headed ogre
  9183 | D:9      | Killed a two-headed ogre
  9184 | D:9      | Reached skill level 14 in Unarmed Combat
  9330 | D:9      | Found a snail-covered altar of Cheibriados.
  9441 | D:9      | Reached **** piety under Nemelex Xobeh
  9477 | D:9      | Received a gift from Nemelex Xobeh
  9818 | D:10     | Entered Level 10 of the Dungeon
  9892 | D:10     | Noticed an oklob plant
  9925 | D:10     | Found a bloodstained altar of Trog.
 10089 | D:10     | Found a staircase to the Lair.
 10115 | D:10     | Reached skill level 15 in Unarmed Combat
 10212 | D:10     | Learned a level 5 spell: Freezing Cloud
 10246 | D:10     | Found a basalt altar of Yredelemnul.
 10367 | D:10     | Noticed Maurice
 10378 | D:10     | Killed Maurice
 10487 | D:10     | Found a burning altar of Makhleb.
 10497 | D:10     | Reached skill level 1 in Conjurations
 10497 | D:10     | Reached skill level 1 in Air Magic
 10735 | D:11     | Received a gift from Nemelex Xobeh
 10775 | D:10     | Killed an oklob plant
 10786 | Lair:1   | Entered Level 1 of the Lair of Beasts
 10831 | Lair:1   | Found a shimmering altar of Xom.
 11018 | Lair:1   | Reached XP level 12. HP: 76/76 MP: 10/15
 11361 | Lair:1   | Reached ***** piety under Nemelex Xobeh
 11371 | Lair:1   | Received a gift from Nemelex Xobeh
 11377 | Lair:1   | Found a transporter.
 11379 | Lair:1   | Noticed BlueGoblin's ghost (journeyman MiBe)
 11527 | Lair:1   | Reached skill level 16 in Unarmed Combat
 11608 | Lair:1   | Noticed a seven-headed hydra
 11615 | Lair:1   | Killed a seven-headed hydra
 11739 | Lair:1   | Found a transporter.
 12048 | Lair:2   | Received a gift from Nemelex Xobeh
 12281 | Lair:2   | Found a staircase to the Swamp.
 12502 | Lair:2   | Reached skill level 17 in Unarmed Combat
 12509 | Lair:2   | Noticed Prince Ribbit
 12518 | Lair:2   | Killed Prince Ribbit
 12614 | Lair:2   | Reached XP level 13. HP: 48/81 MP: 14/16
 13165 | Lair:3   | Reached skill level 18 in Unarmed Combat
 13218 | Lair:3   | Received a gift from Nemelex Xobeh
 13511 | Lair:3   | Found a hole to the Spider Nest.
 13549 | Lair:3   | Found a runed translucent door.
 13552 | Lair:3   | Identified the +8 spear of Gutradgh {pain, *Rage rF+++
                  | Int+2}
 13565 | Lair:3   | Noticed AarnesTheHuman's ghost (journeyman DsIE)
 14436 | Lair:4   | Received a gift from Nemelex Xobeh
 14436 | Lair:4   | Noticed Nessos
 14496 | Lair:4   | Killed Nessos
 14497 | Lair:4   | Reached skill level 10 in Ice Magic
 15104 | Lair:4   | Received a gift from Nemelex Xobeh
 15136 | Lair:4   | Reached XP level 14. HP: 73/88 MP: 13/17
 15783 | Lair:5   | Found a staircase to the Slime Pits.
 16031 | Lair:5   | Reached ****** piety under Nemelex Xobeh
 16093 | Lair:5   | Received a gift from Nemelex Xobeh
 16527 | Lair:5   | Learned a level 5 spell: Blade Hands
 16827 | Lair:6   | Entered Level 6 of the Lair of Beasts
 16877 | Spider:1 | Entered Level 1 of the Spider Nest
 16957 | Swamp:1  | Entered Level 1 of the Swamp
 17095 | Swamp:1  | Reached skill level 5 in Spellcasting
 17158 | Lair:2   | Slain by an alligator

Illustrated notes

Levels and vault maps discovered:
D:1:      dpeg_arrival_signposts, layout_loops_corners, hangedman_decor_growths
D:2:      layout_rooms, serial_bayou, serial_bayou_pond_d,
          serial_bayou_crossing, serial_bayou_ford_a, serial_bayou_pond_a
D:3:      layout_basic, old_standard_altar, evilmike_ruin_ashenzari,
          lemuel_doored_altar, lemuel_round_altar,
          hellmonk_ecumenical_altar_inner_sanctum
D:4:      layout_basic, nicolae_qazlal_general_emergency, serial_shops,
          kennysheep_mini, serial_park_tiny_pond, chequers_mini_garden,
          serial_bayou_pond_d
D:5:      layout_rooms, lemuel_tele_altar, kennysheep_mini_moat,
          saegor_snake_ambush, uniq_eustachio, uniq_blork_the_orc
D:6:      layout_layer_cave, lemuel_round_altar, kennysheep_little_box,
          uniq_grinder
D:7:      layout_cave_pools, temple_fountains, minmay_statues_item, uniq_joseph,
          uniq_crazy_yiuf_cottage
D:8:      layout_loops_corners, serial_park_tiny_2,
          chequers_serial_rivers_large_a, uniq_grum
D:9:      minmay_s_stair_smasher, layout_gridville, chei_slow_surprise
D:10:     layout_loops_ring, lightli_temple_of_fire, general_overflow_altar,
          trog_ov_bears_minmay, dpeg_oklobed_lair, uniq_maurice
D:11:     layout_stronghold, david_orc_4, enter_trove_3
Temple:   dpeg_three_leaves_temple
Lair:1:   layout_cellular_growth, nzn_ghost_randoct, basic_altar
Lair:2:   layout_regular_city, minmay_swamp_entry_swarm,
          nicolae_lair_grove_arrangements, uniq_prince_ribbit2
Lair:3:   layout_cave_pods, dummy_spider_entry, ebering_ghost_funeral_grove,
          infiniplex_staircase_pool_2
Lair:4:   layout_hall_layers, grunt_megastairs_4, uniq_nessos
Lair:5:   layout_cellular_growth, minmay_slime_entry_oklob_enclosed
Lair:6:   minmay_lair_end_enchanted_forest, layout_layer_cave
Swamp:1:  layout_basic_swamp, evilmike_swamp_ruin_house_1, swamp_pool5,
          st_swamp_ruins_4, uniq_josephine
Spider:1: layout_spider_delve, uniq_donald

Skill      XL: |  1  2  3  4  5  6  7  8  9 10 11 12 13 14 |
---------------+-------------------------------------------+-----
Unarmed Combat | 4 5 6 7 8 11 13 15 17 18 | 18.0
Ice Magic      | 2 3 5 6 8 10 | 10.0
Transmutations | 5 6 10 12 14 | 14.1
Invocations    | 5 |  5.0
Dodging        | 4 |  4.0
Conjurations   | 2 4 |  4.0
Air Magic      | 2 4 |  4.0
Fighting       | 4 |  4.0
Spellcasting   | 5 |  5.0
Shields        | |  0.3

Action                   |  1- 3 |  4- 6 |  7- 9 | 10-12 | 13-15 || total
-------------------------+-------+-------+-------+-------+-------++-------
Melee: Unarmed           |   102 |   196 |   333 |   512 |   306 ||  1449
       Headbutt          |    13 |     9 |     3 |       |       ||    25
       Punch             |     1 |     5 |     8 |     5 |     4 ||    23
 Cast: Beastly Appendage |    25 |    14 |     2 |     1 |       ||    42
       Wereblood         |     1 |     4 |    10 |    23 |    17 ||    55
       Ice Form          |       |       |     6 |    47 |    27 ||    80
       Blade Hands       |       |       |       |       |     2 ||     2
Invok: Draw Destruction  |       |     1 |     3 |     1 |     2 ||     7
       Triple Draw       |       |       |       |       |     1 ||     1
Evoke: Wand              |       |       |     5 |     3 |    24 ||    32
  Use: Scroll            |     6 |     2 |     5 |     6 |     4 ||    23
       Potion            |       |     2 |     3 |     5 |     3 ||    13
 Stab: Sleeping          |       |     1 |     1 |     1 |       ||     3
       Distracted        |       |     1 |       |       |       ||     1
       Paralysed         |       |       |     4 |       |       ||     4
Armor: Robe              |    25 |    69 |   119 |     1 |       ||   214
       Skin              |       |       |    19 |   175 |    72 ||   266
       Steam dragon scal |       |       |       |    36 |     9 ||    45
Dodge: Dodged            |    85 |   116 |   184 |   220 |   132 ||   737

Table legend: (Time is in decaauts)
 A = Elapsed time spent in this place.
 B = Non-inter-level travel time spent in this place.
 C = Inter-level travel time spent in this place.
 D = Time resting spent in this place.
 E = Time spent auto-exploring this place.
 F = Levels seen in this place.
 G = Mean time per level.
                   A        B        C        D        E       F      G
               +--------+--------+--------+--------+--------+-----+--------+
         Total |  16770 |  16101 |    669 |    480 |  12626 |  20 |  838.5 |
       Dungeon |  10595 |  10193 |    402 |    208 |   8111 |  11 |  963.2 |
        Temple |      1 |      1 |      0 |      0 |      0 |   1 |    1.0 |
          Lair |   6071 |   5804 |    267 |    248 |   4502 |   6 | 1011.8 |
         Swamp |     97 |     97 |      0 |     24 |     13 |   1 |   97.0 |
   Spider Nest |      4 |      4 |      0 |      0 |      0 |   1 |    4.0 |
               +--------+--------+--------+--------+--------+-----+--------+

Top non-repeatable levels by time:
     D:1: 1738 daAuts
     D:6: 1544 daAuts
  Lair:3: 1298 daAuts
  Lair:4: 1254 daAuts
  Lair:1: 1195 daAuts
  Lair:2: 1192 daAuts
     D:9: 1160 daAuts
  Lair:5: 1128 daAuts
     D:8: 1071 daAuts
     D:3: 1015 daAuts
    D:10: 938 daAuts
     D:4: 918 daAuts
     D:5: 752 daAuts
     D:7: 747 daAuts
     D:2: 708 daAuts
